 Dungeon Crawl Stone Soup version 0.30-a0-241-g1121274140 (webtiles) character file.

Game seed: 9988605287210707263

8974 qw the Cleaver (level 11, -4/69 HPs)
             Began as a Gargoyle Fighter on Oct 10, 2022.
             Was an Elder of Okawaru.
             Slain by a death yak (9 damage)
             ... on level 1 of the Lair of Beasts.
             The game lasted 00:03:31 (7592 turns).

qw the Cleaver (Gargoyle Fighter)                   Turns: 7592, Time: 00:03:32

Health: -4/69      AC: 26    Str: 24    XL:     11   Next: 39%
Magic:  16/17      EV: 12    Int:  9    God:    Okawaru [****..]
Gold:   430        SH:  6    Dex:  9    Spells: 10/10 levels left

rFire   . . .      SeeInvis .    Y - +2 war axe (flame)
rCold   . . .      Faith    .    c - +0 buckler
rNeg    + . .      Spirit   .    r - +2 plate armour
rPois   inf        Reflect  .    k - +1 hat {Will+}
rElec   +          Harm     .    (no cloak)
rCorr   .          Rampage  .    (no gloves)
Will    +....                    (no boots)
Stlth   ..........               (no amulet)
HPRegen 0.31/turn                l - +4 ring of evasion
MPRegen 0.15/turn                (no ring)

@: heroic
A: sickness immunity, AC +8, negative energy resistance 1, electricity
resistance, torment resistance 1, petrification resistance
a: Renounce Religion, Heroism, Finesse


You were on level 1 of the Lair of Beasts.
You worshipped Okawaru.
Okawaru was greatly pleased with you.
You visited 3 branches of the dungeon, and saw 11 of its levels.
You also visited: Ossuary.

You collected 430 gold pieces.


Innate Abilities, Weirdness & Mutations

You are immune to sickness and miasma.
Your stone body is resilient. (AC +8)
You are immune to poison.
You resist negative energy. (rN+)
You are resistant to electric shocks. (rElec)
You are resistant to unholy torment.
You are immune to petrification.


   Skills:
 + Level 8.9(13.9) Fighting
 - Level 11.1(16.1) Axes
 - Level 3.0(8.0) Throwing
 - Level 6.5(11.5) Armour
 - Level 1.2(6.2) Dodging
 - Level 5.0(10.0) Shields
 + Level 8.0 Invocations


You had 10 spell levels left.
You didn't know any spells.
Your spell library was empty.

Inventory:

Hand Weapons
 Y - a +2 war axe of flaming (weapon)
Missiles
 p - 2 javelins (quivered)
Armour
 c - a +0 buckler (worn)
 e - a +0 helmet
 k - a +1 hat of willpower (worn)
 r - a +2 plate armour (worn)
Jewellery
 f - an amulet of guardian spirit
 l - a +4 ring of evasion (left hand)
Scrolls
 a - 3 scrolls of teleportation
 o - a scroll of identify
Potions
 b - 4 potions of curing
 d - 3 potions of might
 g - 2 potions of lignification
 h - 2 potions of mutation
 i - a potion of resistance
 j - 3 potions of cancellation
 m - 2 potions of heal wounds
 n - 7 potions of attraction
 q - a potion of haste

Dungeon Overview and Level Annotations

Branches:
Dungeon (9/15)             Temple (1/1) D:4            Lair (1/5) D:9
Ossuary (visited)
    Orc: D:9-12

Altars:
Ashenzari
Cheibriados
Dithmenos
Elyvilon
Fedhas
Gozag
Hepliaklqana
Okawaru
Qazlal
Sif Muna
Trog
Uskayaw
Vehumet
Xom
Yredelemnul
Zin
The Shining One

Shops:
D:6 (


Message History

You hit the death yak but do no damage. The death yak gores you.
You barely miss the death yak.
The death yak is heavily wounded.
The death yak bellows!
You hit the death yak but do no damage.
The death yak gores you but does no damage.
You hit the death yak but do no damage.
The death yak is lightly wounded.
You slash the death yak! You burn the death yak. You slash the death yak!
You burn the death yak.
The death yak is heavily wounded.
You slash the death yak! You burn the death yak. The death yak gores you.
You slice the death yak!! You burn the death yak!
The death yak is almost dead.
You hit the death yak but do no damage. x2
The death yak gores you!! You block the death yak's attack.
The death yak gores you!
You slash the death yak! You burn the death yak.
You kill the death yak!
Okawaru accepts your kill.
You barely miss the death yak. x2
Your Invocations skill increases to level 8!
You hit the death yak but do no damage.
The death yak is heavily wounded.
You completely miss the death yak.
The death yak gores you but does no damage. x2
You hit the death yak. You burn the death yak.
The death yak is heavily wounded.
You hit the death yak but do no damage. You slash the death yak!
You burn the death yak. You slash the death yak! You burn the death yak.
The death yak misses you. The death yak completely misses you.
The death yak gores you.
You slash the death yak! You burn the death yak.
The death yak is severely wounded.
You hit the death yak but do no damage. You barely miss the death yak. x2
The death yak gores you! You block the death yak's attack.
The death yak gores you! x2
You die...

.. ..Y.Y #.#
.(.#...# .##..#
.....#.#.
.....###.....!..
#.......#.....
#......#.#.##.
#..>..........
#...YYY......
##..Y@Y......
##..........#
#...........#
###.........#
#.......###
##.....##
##...## #....# #
. ##...# .##..


You could see 5 death yaks.

Vanquished Creatures
  Gastronok (D:8)
  A catoblepas (Lair:1)
  A death yak (Lair:1)
  3 elephants (Lair:1)
  A black mamba (Lair:1)
  A komodo dragon (Lair:1)
  A cane toad (Lair:1)
  Grinder (D:5)
  A wyvern (D:8)
  2 yaks (D:9)
  Grum (D:8)
  A steam dragon (D:4)
  An acid dragon (D:9)
  6 water moccasins
  4 orc warriors
  An ice beast (D:5)
  3 black bears
  6 wolves
  A centaur (D:8)
  A phantom (D:6)
  2 kobold brigands (D:8)
  A necrophage (D:4)
  5 bullfrogs
  2 scorpions
  5 killer bees (D:5)
  3 howler monkeys (D:8)
  2 hounds
  A gnoll bouda (D:5)
  2 orc priests
  Ijyb (D:5)
  5 orc wizards
  3 iguanas
  7 hell rats (Lair:1)
  9 mummies
  7 adders
  7 gnolls
  A river rat (D:5)
  A shadow imp (D:5)
  A white imp (D:6)
  2 worms (D:5)
  2 dart slugs
  16 orcs
  7 ball pythons
  5 endoplasms
  7 giant cockroaches
  6 goblins
  4 hobgoblins
  3 jackals (D:4)
  7 quokkas
  4 bats
  3 frilled lizards
  4 gnoll zombies (Ossuary)
  13 kobolds
  A kobold zombie (Ossuary)
  3 orc zombies (Ossuary)
  6 rats
196 creatures vanquished.

Vanquished Creatures (others)
  22 fungi
  22 plants (D:9)
44 creatures vanquished.

Grand Total: 240 creatures vanquished

Notes
Turn   | Place    | Note
-------+----------+-------------------------------------------
     0 | D:1      | qw the Gargoyle Fighter began the quest for the Orb.
     0 | D:1      | Reached XP level 1. HP: 14/14 MP: 1/1
     0 | D:1      | 0 ||| qw: Version: 0.2-a-17-g06abaee
     0 | D:1      | 0 ||| qw: Game counter: 2376
     0 | D:1      | 0 ||| qw: Always use a shield: true
     0 | D:1      | 0 ||| qw: God list: Okawaru
     0 | D:1      | 0 ||| qw: Allow faded altars: false
     0 | D:1      | 0 ||| qw: Do Orc after D:15 true
     0 | D:1      | 0 ||| qw: Do second Lair branch before Depths: true
     0 | D:1      | 0 ||| qw: Lair rune preference: random
     0 | D:1      | 0 ||| qw: Plans: Normal, Zot:1-4, God:TSO, Crypt, Tomb,
                  | Pan, Slime:5, Hells, Abyss, Orb
     0 | D:1      | 0 ||| PLANNING D:1-11
   118 | D:1      | Reached skill level 2 in Axes
   254 | D:1      | Reached XP level 2. HP: 19/19 MP: 2/2
   355 | D:1      | 355 ||| Stepping ~*~*~tactically~*~*~ (hiding).
   785 | D:1      | Reached skill level 3 in Axes
   878 | D:1      | Reached XP level 3. HP: 20/23 MP: 3/3
  1076 | D:1      | 1076 ||| DROPPING amulet of faith.
  1077 | D:1      | 1077 ||| UPGRADING to +4 ring of evasion.
  1078 | D:1      | 1078 ||| READING scroll labelled FIBANI SAERGHESK.
  1079 | D:1      | 1079 ||| READING scroll labelled UFIAL CEINOS.
  1080 | D:1      | 1080 ||| READING scroll labelled ZIAQAXZIXIGG.
  1081 | D:1      | 1081 ||| DRINKING 2 black potions.
  1118 | D:1      | 1118 ||| DRINKING 2 red potions.
  1418 | D:2      | Reached XP level 4. HP: 28/28 MP: 4/4
  1563 | D:2      | 1563 ||| READING scroll labelled WIRAK OJUULE.
  1664 | D:2      | 1664 ||| READING 2 scrolls labelled SIEGEAPTUXKESS.
  1665 | D:2      | 1665 ||| READING scroll labelled MAROMEHEOWK.
  1698 | D:3      | Reached skill level 4 in Axes
  1704 | D:3      | Reached XP level 5. HP: 19/32 MP: 5/5
  1729 | D:3      | 1729 ||| FLEEEEING.
  1730 | D:3      | 1730 ||| STAIRDANCE
  1773 | D:3      | 1773 ||| DROPPING +0 club.
  1842 | D:3      | Found a shimmering altar of Xom.
  2055 | D:3      | Found a faded altar of an unknown god.
  2103 | D:3      | 2103 ||| READING scroll labelled DIUNINASUCO.
  2104 | D:3      | 2104 ||| DROPPING +0 mace.
  2105 | D:3      | 2105 ||| DRINKING 2 fizzy purple potions.
  2141 | D:4      | Found a staircase to the Ecumenical Temple.
  2142 | D:4      | 2142 ||| PLANNING TEMPLE
  2142 | D:4      | 2142 ||| READING 2 scrolls of identify.
  2142 | D:4      | 2142 ||| IDENTIFYING fizzy inky potion
  2143 | D:4      | 2143 ||| DROPPING potion of berserk rage.
  2161 | D:4      | Reached skill level 5 in Axes
  2200 | D:4      | 2200 ||| READING scroll labelled PAREEB SUTAMUPT.
  2295 | D:4      | 2295 ||| Stepping ~*~*~tactically~*~*~ (hiding).
  2297 | D:4      | 2297 ||| Stepping ~*~*~tactically~*~*~ (hiding).
  2310 | D:4      | 2310 ||| READING scroll labelled WOENARI WAKLIL.
  2313 | D:4      | Noticed a steam dragon
  2318 | D:4      | HP: 3/32 [steam dragon/ball of steam (23)]
  2319 | D:4      | 2319 ||| DRINKING 4 potions of heal wounds.
  2320 | D:4      | Killed a steam dragon
  2321 | D:4      | Reached XP level 6. HP: 26/40 MP: 6/6
  2322 | D:4      | 2322 ||| Stepping ~*~*~tactically~*~*~ (cloud).
  2323 | D:4      | 2323 ||| Stepping ~*~*~tactically~*~*~ (cloud).
  2373 | D:4      | 2373 ||| DRINKING 2 dark potions.
  2374 | D:4      | 2374 ||| DROPPING potion of degeneration.
  2550 | D:4      | Found a snail-covered altar of Cheibriados.
  2550 | D:4      | Found a stormy altar of Qazlal.
  2551 | D:4      | 2551 ||| DROPPING scarf of harm.
  2552 | D:4      | 2552 ||| READING 2 scrolls of identify.
  2552 | D:4      | 2552 ||| IDENTIFYING fuming white potion
  2553 | D:4      | 2553 ||| DROPPING potion of magic.
  2575 | Temple   | Entered the Ecumenical Temple
  2576 | Temple   | 2576 ||| PLANNING OKAWARU WORSHIP
  2594 | Temple   | Became a worshipper of Warmaster Okawaru
  2595 | Temple   | 2595 ||| PLANNING D:1-11
  2613 | D:4      | 2613 ||| FLEEEEING.
  2672 | D:4      | 2672 ||| DRINKING potion of curing.
  2672 | D:4      | 2672 ||| (to cure confusion)
  2832 | D:4      | 2832 ||| Stepping ~*~*~tactically~*~*~ (stealth).
  3101 | D:4      | 3101 ||| READING scroll labelled BEHETU WENNISI.
  3102 | D:4      | 3102 ||| DRINKING 2 blue potions.
  3103 | D:4      | 3103 ||| DRINKING 2 clear potions.
  3204 | D:4      | 3204 ||| DRINKING 2 coppery potions.
  3205 | D:4      | 3205 ||| READING 2 scrolls of identify.
  3205 | D:4      | 3205 ||| IDENTIFYING murky orange potion
  3206 | D:4      | 3206 ||| DROPPING potion of brilliance.
  3207 | D:4      | 3207 ||| DROPPING potion of ambrosia.
  3245 | D:5      | Entered Level 5 of the Dungeon
  3246 | D:5      | 3246 ||| PLANNING SEWER
  3246 | D:5      | Noticed Ijyb
  3248 | D:5      | Noticed Grinder
  3252 | D:5      | Killed Ijyb
  3258 | D:5      | 3258 ||| Stepping ~*~*~tactically~*~*~ (hiding).
  3262 | D:5      | Paralysed by Grinder for 2 turns
  3265 | D:5      | 3265 ||| FLEEEEING.
  3266 | D:5      | 3266 ||| FLEEEEING.
  3267 | D:5      | 3267 ||| FLEEEEING.
  3268 | D:5      | 3268 ||| STAIRDANCE
  3268 | D:5      | Paralysed by Grinder for 3 turns
  3272 | D:5      | Killed Grinder
  3272 | D:5      | Reached * piety under Okawaru
  3273 | D:5      | Reached skill level 6 in Axes
  3273 | D:5      | Reached XP level 7. HP: 42/44 MP: 7/7
  3290 | D:5      | 3290 ||| Stepping ~*~*~tactically~*~*~ (stealth).
  3292 | D:5      | 3292 ||| Stepping ~*~*~tactically~*~*~ (stealth).
  3294 | D:5      | 3294 ||| INVOKING Heroism.
  3298 | D:5      | Reached skill level 1 in Invocations
  3302 | D:5      | Reached skill level 1 in Dodging
  3309 | D:5      | 3309 ||| INVOKING Heroism.
  3473 | D:5      | 3473 ||| Stepping ~*~*~tactically~*~*~ (hiding).
  3477 | D:5      | 3477 ||| INVOKING Heroism.
  3489 | D:5      | Reached skill level 3 in Invocations
  3489 | D:5      | Reached XP level 8. HP: 36/48 MP: 7/10
  3572 | D:5      | Reached skill level 7 in Axes
  3578 | D:5      | 3578 ||| Stepping ~*~*~tactically~*~*~ (hiding).
  3583 | D:5      | Found a shimmering blue altar of Sif Muna.
  3624 | D:5      | 3624 ||| FLEEEEING.
  3921 | D:5      | Found a hide-covered altar of Uskayaw.
  3930 | D:5      | 3930 ||| RIP SEWER
  4014 | D:5      | 4014 ||| PLANNING D:1-11
  4016 | D:5      | 4016 ||| Stepping ~*~*~tactically~*~*~ (stealth).
  4019 | D:5      | Found a bloodstained altar of Trog.
  4020 | D:5      | 4020 ||| INVOKING Heroism.
  4026 | D:5      | Reached ** piety under Okawaru
  4185 | D:5      | 4185 ||| UPGRADING to +0 chain mail.
  4195 | D:5      | 4195 ||| DROPPING +0 scale mail.
  4196 | D:5      | 4196 ||| UPGRADING to +0 plate armour.
  4206 | D:5      | 4206 ||| DROPPING +0 chain mail.
  4207 | D:5      | 4207 ||| READING 2 scrolls of enchant armour.
  4207 | D:5      | 4207 ||| ENCHANTING +0 plate armour.
  4208 | D:5      | 4208 ||| READING scroll of enchant armour.
  4208 | D:5      | 4208 ||| ENCHANTING +1 plate armour.
  4209 | D:5      | 4209 ||| READING scroll labelled HUPSIN POIV.
  4210 | D:5      | 4210 ||| READING scroll labelled LELEDE AWAAFO.
  4211 | D:5      | 4211 ||| READING scroll labelled YRAIWI ZAOLIRCH.
  4212 | D:5      | 4212 ||| READING 2 scrolls of identify.
  4212 | D:5      | 4212 ||| IDENTIFYING bubbling brown potion
  4276 | D:6      | 4276 ||| PLANNING OSSUARY
  4285 | D:6      | 4285 ||| STAIRDANCE
  4338 | D:6      | 4338 ||| Stepping ~*~*~tactically~*~*~ (hiding).
  4344 | D:6      | 4344 ||| INVOKING Heroism.
  4471 | D:6      | Found a sand-covered staircase.
  4472 | D:6      | 4472 ||| FLEEEEING.
  4475 | D:6      | 4475 ||| FLEEEEING.
  4476 | D:6      | 4476 ||| FLEEEEING.
  4477 | D:6      | 4477 ||| FLEEEEING.
  4478 | D:6      | 4478 ||| FLEEEEING.
  4480 | D:6      | 4480 ||| FLEEEEING.
  4481 | D:6      | 4481 ||| FLEEEEING.
  4482 | D:6      | 4482 ||| FLEEEEING.
  4499 | D:6      | 4499 ||| FLEEEEING.
  4500 | D:6      | 4500 ||| FLEEEEING.
  4501 | D:6      | 4501 ||| FLEEEEING.
  4502 | D:6      | 4502 ||| FLEEEEING.
  4503 | D:6      | 4503 ||| FLEEEEING.
  4504 | D:6      | 4504 ||| FLEEEEING.
  4505 | D:6      | 4505 ||| FLEEEEING.
  4506 | D:6      | 4506 ||| FLEEEEING.
  4507 | D:6      | 4507 ||| FLEEEEING.
  4508 | D:6      | 4508 ||| FLEEEEING.
  4509 | D:6      | 4509 ||| FLEEEEING.
  4510 | D:6      | 4510 ||| FLEEEEING.
  4512 | D:6      | 4512 ||| STAIRDANCE
  4517 | D:6      | 4517 ||| FLEEEEING.
  4518 | D:6      | 4518 ||| STAIRDANCE
  4522 | D:6      | 4522 ||| STAIRDANCE
  4528 | D:6      | 4528 ||| STAIRDANCE
  4609 | Ossuary  | Entered an ossuary
  4612 | Ossuary  | 4612 ||| INVOKING Heroism.
  4806 | Ossuary  | Reached skill level 8 in Axes
  4890 | Ossuary  | 4890 ||| READING 2 scrolls of identify.
  4890 | Ossuary  | 4890 ||| IDENTIFYING lumpy golden potion
  4891 | Ossuary  | 4891 ||| DROPPING potion of flight.
  4910 | D:6      | 4910 ||| PLANNING D:1-11
  5078 | D:6      | You fall into a shaft and drop 3 floors!
  5107 | D:9      | 5107 ||| Stepping ~*~*~tactically~*~*~ (stealth).
  5109 | D:9      | 5109 ||| Stepping ~*~*~tactically~*~*~ (hiding).
  5112 | D:9      | 5112 ||| Stepping ~*~*~tactically~*~*~ (hiding).
  5113 | D:9      | 5113 ||| Stepping ~*~*~tactically~*~*~ (hiding).
  5197 | D:9      | 5197 ||| INVOKING Heroism.
  5199 | D:9      | 5199 ||| Stepping ~*~*~tactically~*~*~ (hiding).
  5218 | D:9      | Reached skill level 6 in Fighting
  5242 | D:9      | 5242 ||| UPGRADING to +0 helmet.
  5247 | D:9      | 5247 ||| READING 3 scrolls of identify.
  5247 | D:9      | 5247 ||| IDENTIFYING cyan potion
  5252 | D:9      | Noticed a yak
  5256 | D:9      | 5256 ||| INVOKING Heroism.
  5261 | D:9      | HP: 8/51 [acid dragon/splash of acid (18)]
  5262 | D:9      | 5262 ||| READING 4 scrolls of teleportation.
  5263 | D:9      | 5263 ||| DRINKING 5 potions of heal wounds.
  5264 | D:9      | Killed a yak
  5264 | D:9      | Noticed a yak
  5265 | D:9      | Reached skill level 3 in Throwing
  5265 | D:9      | Reached XP level 9. HP: 29/55 MP: 10/12
  5267 | D:9      | Found a staircase to the Lair.
  5277 | D:9      | HP: 11/55 [black bear (5)]
  5278 | D:9      | 5278 ||| READING 3 scrolls of teleportation.
  5279 | D:9      | 5279 ||| DRINKING 4 potions of heal wounds.
  5284 | D:9      | Reached *** piety under Okawaru
  5291 | D:9      | 5291 ||| INVOKING Heroism.
  5297 | D:9      | Reached skill level 9 in Axes
  5439 | D:8      | Noticed Grum
  5440 | D:8      | 5440 ||| INVOKING Heroism.
  5453 | D:8      | HP: 11/56 [something (4)]
  5460 | D:8      | 5460 ||| READING 2 scrolls of teleportation.
  5460 | D:8      | HP: 6/56 [something (2)]
  5461 | D:8      | 5461 ||| DRINKING 3 potions of heal wounds.
  5462 | D:8      | 5462 ||| INVOKING Heroism.
  5559 | D:8      | 5559 ||| Invisible monster not found???
  5629 | D:8      | 5629 ||| INVOKING Heroism.
  5737 | D:8      | 5737 ||| READING scroll of enchant weapon.
  5737 | D:8      | 5737 ||| ENCHANTING +1 war axe of flaming.
  5879 | D:8      | 5879 ||| Stepping ~*~*~tactically~*~*~ (hiding).
  5881 | D:8      | 5881 ||| INVOKING Heroism.
  5892 | D:8      | Killed Grum
  5893 | D:8      | Reached skill level 6 in Armour
  5893 | D:8      | Reached XP level 10. HP: 51/63 MP: 11/13
  5904 | D:8      | 5904 ||| Stepping ~*~*~tactically~*~*~ (stealth).
  5934 | D:8      | 5934 ||| Stepping ~*~*~tactically~*~*~ (stealth).
  5936 | D:8      | 5936 ||| Stepping ~*~*~tactically~*~*~ (stealth).
  5937 | D:8      | Noticed Gastronok
  5938 | D:8      | 5938 ||| Stepping ~*~*~tactically~*~*~ (hiding).
  5947 | D:8      | 5947 ||| INVOKING Heroism.
  5966 | D:8      | Killed Gastronok
  5966 | D:8      | Reached **** piety under Okawaru
  5966 | D:8      | Received a gift from Okawaru
  5967 | D:8      | Reached skill level 10 in Axes
  6145 | D:8      | 6145 ||| UPGRADING to +1 hat of willpower.
  6156 | D:8      | 6156 ||| READING 2 scrolls of identify.
  6156 | D:8      | 6156 ||| IDENTIFYING sapphire potion
  6159 | D:8      | 6159 ||| INVOKING Heroism.
  6165 | D:8      | 6165 ||| Stepping ~*~*~tactically~*~*~ (stealth).
  6169 | D:8      | 6169 ||| Stepping ~*~*~tactically~*~*~ (stealth).
  6170 | D:8      | 6170 ||| Stepping ~*~*~tactically~*~*~ (stealth).
  6171 | D:8      | 6171 ||| Stepping ~*~*~tactically~*~*~ (stealth).
  6260 | D:6      | Found Gufugyth's Antique Weapon Shop.
  6341 | D:6      | 6341 ||| Stepping ~*~*~tactically~*~*~ (hiding).
  6596 | D:6      | 6596 ||| PLANNING LAIR
  6649 | D:8      | 6649 ||| Stepping ~*~*~tactically~*~*~ (stealth).
  6651 | D:8      | 6651 ||| Stepping ~*~*~tactically~*~*~ (stealth).
  6663 | D:8      | 6663 ||| INVOKING Heroism.
  6664 | D:8      | 6664 ||| Stepping ~*~*~tactically~*~*~ (stealth).
  6682 | D:8      | 6682 ||| Stepping ~*~*~tactically~*~*~ (stealth).
  6695 | D:8      | 6695 ||| INVOKING Heroism.
  6951 | D:8      | 6951 ||| Stepping ~*~*~tactically~*~*~ (hiding).
  6957 | D:8      | Received a gift from Okawaru
  6997 | Lair:1   | Entered Level 1 of the Lair of Beasts
  7016 | Lair:1   | 7016 ||| INVOKING Heroism.
  7033 | Lair:1   | 7033 ||| INVOKING Heroism.
  7164 | Lair:1   | Noticed an elephant
  7164 | Lair:1   | Noticed an elephant
  7164 | Lair:1   | Noticed an elephant
  7165 | Lair:1   | Noticed a death yak
  7166 | Lair:1   | 7166 ||| Stepping ~*~*~tactically~*~*~ (stealth).
  7167 | Lair:1   | 7167 ||| Stepping ~*~*~tactically~*~*~ (stealth).
  7168 | Lair:1   | 7168 ||| INVOKING Heroism.
  7173 | Lair:1   | Killed an elephant
  7179 | Lair:1   | Killed an elephant
  7179 | Lair:1   | Received a gift from Okawaru
  7180 | Lair:1   | Reached skill level 6 in Invocations
  7182 | Lair:1   | Killed an elephant
  7183 | Lair:1   | Reached XP level 11. HP: 46/68 MP: 12/15
  7363 | Lair:1   | Noticed a catoblepas
  7366 | Lair:1   | 7366 ||| INVOKING Heroism.
  7375 | Lair:1   | Killed a catoblepas
  7376 | Lair:1   | Reached skill level 11 in Axes
  7412 | Lair:1   | 7412 ||| INVOKING Heroism.
  7418 | Lair:1   | Received a gift from Okawaru
  7507 | Lair:1   | 7507 ||| INVOKING Heroism.
  7574 | Lair:1   | Noticed a death yak
  7575 | Lair:1   | 7575 ||| Stepping ~*~*~tactically~*~*~ (stealth).
  7576 | Lair:1   | 7576 ||| Stepping ~*~*~tactically~*~*~ (stealth).
  7577 | Lair:1   | 7577 ||| INVOKING Heroism.
  7578 | Lair:1   | Noticed a death yak
  7578 | Lair:1   | Noticed a death yak
  7579 | Lair:1   | 7579 ||| Stepping ~*~*~tactically~*~*~ (stealth).
  7579 | Lair:1   | Noticed a death yak
  7580 | Lair:1   | 7580 ||| Stepping ~*~*~tactically~*~*~ (stealth).
  7582 | Lair:1   | Noticed a death yak
  7583 | Lair:1   | 7583 ||| Stepping ~*~*~tactically~*~*~ (stealth).
  7589 | Lair:1   | Killed a death yak
  7592 | Lair:1   | HP: 14/69 [death yak (17)]
  7592 | Lair:1   | HP: 5/69 [death yak (9)]
  7592 | Lair:1   | Slain by a death yak

Levels and vault maps discovered:
D:1:      evilmike_arrival_crescent, layout_loops_corners
D:2:      layout_rooms
D:3:      layout_rooms, mainiacjoe_overflow_chevrons,
          shapermc_ecumenical_altar_notcrosses
D:4:      layout_loops_ring, gammafunk_temple_overflow_wave, temple_pool_b,
          item_on_display_a
D:5:      layout_basic, nzn_overflow_gifts_of_might_and_magic,
          nicolae_uskayaw_murder_on_the_dancefloor, gup_sewer_entry_spiral,
          st_stairs_2, uniq_ijyb, uniq_grinder
D:6:      layout_cave_pools, gup_ossuary_entry_pyramid, serial_shops,
          nicolae_shop_trees, hangedman_decor_lopped, minivault_14
D:7:      layout_basic, lemuel_crystal_altar
D:8:      layout_loops_corners, kennysheep_mini, uniq_gastronok, uniq_grum
D:9:      layout_long_grid, nzn_wu_jian_council_hall, nicolae_ru_awakened_eye,
          mainiacjoe_overflow_catwalk, due_lair_maze_entry_diamond, uniq_psyche
Temple:   minmay_freezing_vapour_temple
Lair:1:   layout_cave_pods, lemuel_fruit_tree, grunt_megastairs_2,
          lemuel_fruit_fields

Skill      XL: |  1  2  3  4  5  6  7  8  9 10 11 |
---------------+----------------------------------+-----
Axes           | 2 3 4 5 6 8 9 10 11 | 11.1
Fighting       | 4 6 7 8 |  8.9
Invocations    | 3 4 6 8 |  8.0
Dodging        | 1 |  1.2
Armour         | 4 6 |  6.5
Throwing       | 3 |  3.0
Shields        | 4 5 |  5.0

Action                   |  1- 3 |  4- 6 |  7- 9 | 10-12 || total
-------------------------+-------+-------+-------+-------++-------
Melee: War axe           |    79 |    97 |   282 |   157 ||   615
Throw: Boomerang         |       |     3 |     2 |    12 ||    17
       Javelin           |       |       |       |     3 ||     3
Invok: Heroism           |       |       |    13 |    11 ||    24
  Use: Scroll            |     3 |    10 |    12 |     1 ||    26
       Potion            |     2 |     7 |     3 |       ||    12
 Stab: Distracted        |       |     1 |       |       ||     1
Armor: Scale mail        |    36 |    45 |    41 |       ||   122
       Plate armour      |       |       |    96 |    49 ||   145
Dodge: Dodged            |    36 |    70 |   167 |    57 ||   330
Block: Buckler           |     8 |    18 |    58 |    37 ||   121

Table legend:
 A = Non-vault XP
 B = Vault XP
 C = Vault XP percentage of total XP
 D = Non-vault monster count
 E = Vault monster count
 F = Vault count percentage of total count
                 A         B        C        D         E       F
            +---------+---------+-------+---------+---------+-------
      Total |    6107 |    6713 |  52.4 |     146 |      50 |  25.5
            +---------+---------+-------+---------+---------+-------
        D:1 |      36 |       0 |   0.0 |      20 |       0 |   0.0
        D:2 |      50 |       0 |   0.0 |      17 |       0 |   0.0
        D:3 |     101 |       0 |   0.0 |      16 |       0 |   0.0
        D:4 |     335 |       0 |   0.0 |      16 |       0 |   0.0
        D:5 |     644 |     599 |  48.2 |      13 |      13 |  50.0
        D:6 |     275 |      18 |   6.1 |      10 |       1 |   9.1
        D:7 |       3 |       0 |   0.0 |       1 |       0 |   0.0
        D:8 |    1427 |    1871 |  56.7 |      27 |       4 |  12.9
        D:9 |     388 |    1518 |  79.6 |      10 |      10 |  50.0
     Lair:1 |    2848 |    2551 |  47.2 |      16 |       6 |  27.3
    Ossuary |       0 |     156 | 100.0 |       0 |      16 | 100.0
            +---------+---------+-------+---------+---------+-------
